 Dungeon Crawl Stone Soup version 0.24-a0-584-g9d6b971ae4 (webtiles) character file.

Game seed: 2229601290648546079, levelgen mode: deterministic

3917 Bnni the Cleaver (level 10, -4/83 HPs)
             Began as a Formicid Abyssal Knight on Sept 4, 2019.
             Was a High Priest of Lugonu.
             Slain by a killer bee (6 damage)
             ... on level 8 of the Dungeon.
             The game lasted 00:22:48 (8676 turns).

Bnni the Cleaver (Formicid Abyssal Knight)          Turns: 8676, Time: 00:22:49

Health: -4/83      AC: 18    Str: 17 (19) XL:     10   Next: 43%
Magic:  12/12      EV: 10    Int: 17 (18) God:    Lugonu [*****.]
Gold:   623        SH:  4    Dex: 12 (15) Spells: 9/9 levels left

rFire    . . .     SeeInvis +   u - +0 war axe (curse)
rCold    . . .     Gourm    .   w - +0 buckler
rNeg     . . .     Faith    .   y - +0 plate armour (curse)
rPois    .         Spirit   .   (helmet unavailable)
rElec    .         Reflect  .   q - +2 cloak
rCorr    .         Harm     .   s - +0 pair of gloves
MR       +....                  (no boots)
Stlth    ..........             p - amulet of magic regeneration
HPRegen  0.23/turn              l - +3 ring of protection
MPRegen  0.38/turn              (no ring)

@: brilliant, agile, lethally poisoned (-4 -> -12)
A: permanent stasis, dig shafts and tunnels, four strong arms, antennae 3
a: Dig, Shaft Self, Depart the Abyss, Bend Space, Banish, Corrupt, Enter the
Abyss, Renounce Religion


You were on level 8 of the Dungeon.
You worshipped Lugonu.
Lugonu was extremely pleased with you.
You were not hungry.

You visited 1 branch of the dungeon, and saw 8 of its levels.
You visited the Abyss 1 time.

You collected 623 gold pieces.

Inventory:

Hand Weapons
 u - a cursed +0 war axe (weapon)
Armour
 q - a +2 cloak (worn)
 s - a +0 pair of gloves (worn)
 w - a +0 buckler (worn)
 y - a cursed +0 plate armour (worn)
Jewellery
 l - a +3 ring of protection (left hand)
 p - an amulet of magic regeneration (around neck)
Wands
 b - a wand of random effects (26)
 k - a wand of flame (4)
 m - a wand of polymorph (1)
 n - a wand of acid (4)
Scrolls
 e - a scroll of identify
 f - 2 scrolls of enchant weapon
 g - a scroll of remove curse
 j - 2 scrolls of fog
Potions
 h - 2 potions of agility
 i - a potion of magic {unknown}
Comestibles
 c - 12 rations
 z - 5 chunks of flesh


   Skills:
 + Level 9.5 Fighting
 * Level 11.5 Axes
 - Level 2.1 Armour
 - Level 0.8 Dodging
 - Level 2.4 Shields
 - Level 3.0 Invocations


You had 9 spell levels left.
You didn't know any spells.
Your spell library contained the following spells:

 Spells                   Type           Power        Failure   Level  Hunger
 Flame Tongue             Conj/Fire      ##...        71%         1    ##.....
 Sandblast                Erth           ##....       71%         1    ##.....
 Passwall                 Tmut/Erth      ##......     82%         2    ###....
 Throw Flame              Conj/Fire      ##....       82%         2    ###....
 Conjure Flame            Conj/Fire      ##......     95%         3    ####...
 Inner Flame              Hex/Fire       ##......     95%         3    ####...
 Stone Arrow              Conj/Erth      ##....       95%         3    ####...
 Petrify                  Tmut/Erth      ##......     100%        4    #####..
 Sticky Flame             Conj/Fire      ##......     100%        4    #####..
 Fireball                 Conj/Fire      ##........   100%        5    ######.
 Lee's Rapid Deconstruct  Erth           ##........   100%        5    ######.


Dungeon Overview and Level Annotations

Branches:
Dungeon (8/15)             Temple (0/1) D:6
   Lair: D:8-11

Altars:
Cheibriados
Dithmenos
Elyvilon
Makhleb
Nemelex Xobeh
Qazlal
Uskayaw
Xom
Yredelemnul
The Shining One


Innate Abilities, Weirdness & Mutations

You cannot be hasted, slowed, berserked, paralysed or teleported.
You can dig through walls and to a lower floor.
Your four strong arms can wield two-handed weapons with a shield.
You have a pair of large antennae on your head. (SInv)


Message History

You feel sick.
* * * LOW HITPOINT WARNING * * *
You feel sick.
It was a potion of berserk rage.
Your stasis prevents you from going berserk.
* * * LOW HITPOINT WARNING * * *
You feel sick. The killer bee closely misses you.
The killer bee stings you but does no damage.
Unknown command.
It was a potion of brilliance.
You feel clever all of a sudden.
* * * LOW HITPOINT WARNING * * *
You feel sick. The killer bee barely misses you. x3
The killer bee stings you but does no damage. x2
It was a potion of degeneration.
There was something very wrong with that liquid.
You feel weakened.
You feel dopey.
You feel clumsy.
* * * LOW HITPOINT WARNING * * *
You feel sick. The killer bee stings you.
You die...

.###..##≈##..#####{{z#
##.....#####..##...{###
#..###.....z........z.#
#.<.##.................
###)##.................
#.)).................
###.y.)..............
###yyy)...)..........
#.<.@y...............
#..##..........†......
#.# #.................
... #................#
### ##........###..###
##........## #.#
#..........# ...
#..........# ####
#..........#


You could see 5 killer bees and a wight.

Vanquished Creatures
  Grinder (D:5)
  A hippogriff (D:7)
  Sigmund (D:2)
  A water moccasin (D:5)
  Duvessa (D:4)
  2 orc warriors
  2 sky beasts
  A necrophage (D:7)
  3 phantoms
  An ice beast (D:7)
  2 ogres
  3 centaurs
  3 big kobolds (D:3)
  Blork the orc (D:5)
  2 bullfrogs
  Dowan (D:4)
  2 scorpions
  3 killer bees (D:8)
  A water moccasin skeleton (D:7)
  A wight (D:8)
  4 howler monkeys (D:7)
  3 crimson imps
  A centaur zombie (D:5)
  2 hounds (D:5)
  An orc priest (D:6)
  A bullfrog zombie (D:5)
  A jelly (D:6)
  2 bullfrog skeletons (D:5)
  2 centaur skeletons
  Ijyb (D:3)
  3 worker ants
  An orc wizard (D:3)
  Terence (D:2)
  2 hound skeletons
  A hound zombie (D:7)
  Robin (D:2)
  14 gnolls
  A howler monkey skeleton (D:8)
  6 adders
  3 shadow imps
  2 oozes
  An adder zombie (D:5)
  3 adder skeletons
  2 dart slugs
  5 leopard geckos
  24 orcs
  4 ball pythons
  6 giant cockroaches
  30 hobgoblins
  4 jackals (D:8)
  5 kobolds
  2 quokkas
  10 bats
  4 frilled lizards
  46 goblins
  A leopard gecko skeleton (D:4)
  A quokka skeleton (D:5)
  4 rats
  2 plants (D:2)
240 creatures vanquished.

Notes
Turn   | Place    | Note
-------+----------+-------------------------------------------
     0 | Abyss:1  | Bnni the Formicid Abyssal Knight began the quest for the
                  | Orb.
     0 | Abyss:1  | Reached XP level 1. HP: 18/18 MP: 2/2
   120 | D:1      | Escaped the Abyss
   311 | D:1      | Reached XP level 2. HP: 10/24 MP: 3/3
   583 | D:1      | Reached XP level 3. HP: 30/30 MP: 4/4
   646 | D:1      | Reached * piety under Lugonu
   678 | D:1      | Reached skill level 3 in Axes
  1338 | D:2      | Noticed Terence
  1374 | D:2      | Killed Terence
  1374 | D:2      | Reached XP level 4. HP: 14/37 MP: 5/5
  1925 | D:2      | Noticed Sigmund
  1955 | D:2      | Killed Sigmund
  1955 | D:2      | Reached skill level 5 in Axes
  1955 | D:2      | Reached XP level 5. HP: 22/43 MP: 6/6
  1955 | D:2      | Reached XP level 6. HP: 26/50 MP: 7/7
  2217 | D:2      | Reached skill level 5 in Fighting
  2448 | D:2      | Noticed Robin
  2457 | D:2      | Reached ** piety under Lugonu
  2475 | D:2      | Killed Robin
  2806 | D:3      | Reached XP level 7. HP: 51/56 MP: 8/8
  2975 | D:3      | Noticed Ijyb
  3003 | D:3      | Killed Ijyb
  3050 | D:3      | Reached skill level 6 in Axes
  3260 | D:3      | Reached *** piety under Lugonu
  3362 | D:3      | Reached skill level 7 in Axes
  3362 | D:3      | Reached XP level 8. HP: 17/64 MP: 10/10
  3879 | D:3      | Reached **** piety under Lugonu
  4012 | D:3      | Found a shimmering altar of Xom.
  4964 | D:4      | Noticed Dowan
  4966 | D:4      | Noticed Duvessa
  5026 | D:4      | Killed Duvessa
  5026 | D:4      | Reached skill level 8 in Axes
  5038 | D:4      | HP: 2/65 [Dowan/shard of ice (10)]
  5039 | D:4      | Killed Dowan
  5668 | D:4      | Found a snail-covered altar of Cheibriados.
  5669 | D:4      | Found a glowing golden altar of the Shining One.
  5855 | D:4      | Found a hide-covered altar of Uskayaw.
  6028 | D:5      | Entered Level 5 of the Dungeon
  6035 | D:5      | Reached XP level 9. HP: 66/72 MP: 11/11
  6267 | D:5      | Reached skill level 9 in Axes
  6604 | D:5      | Noticed Grinder
  6629 | D:5      | Killed Grinder
  6806 | D:5      | Noticed Blork the orc
  6818 | D:5      | Killed Blork the orc
  6997 | D:6      | Found a staircase to the Ecumenical Temple.
  7168 | D:6      | Reached skill level 1 in Shields
  7460 | D:6      | Found a shadowy altar of Dithmenos.
  7480 | D:6      | Reached skill level 10 in Axes
  7738 | D:7      | Reached XP level 10. HP: 45/82 MP: 12/12
  7914 | D:7      | Found a white marble altar of Elyvilon.
  8175 | D:7      | Found a stormy altar of Qazlal.
  8245 | D:7      | Reached skill level 11 in Axes
  8267 | D:7      | Reached ***** piety under Lugonu
  8409 | D:7      | Found a burning altar of Makhleb.
  8414 | D:7      | Found a stormy altar of Qazlal.
  8415 | D:7      | Found a basalt altar of Yredelemnul.
  8420 | D:7      | Found a sparkling altar of Nemelex Xobeh.
  8674 | D:8      | HP: 4/83 [poisoned by a killer bee]
  8676 | D:8      | Slain by a killer bee

Levels and vault maps discovered:
D:1:      ncdulo_halloftheorcs, layout_basic
D:2:      layout_basic, first_ration, serial_bayou, serial_bayou_lake_a,
          serial_bayou_pond_d, serial_bayou_pond_b, serial_bayou_lagoon_a,
          serial_bayou_crossing, uniq_robin, uniq_terence, uniq_sigmund
D:3:      minmay_goblin_kobold_castle, layout_loops_cross,
          brannock_xom_greatest_gift, uniq_ijyb
D:4:      layout_rooms, lemuel_coloured_pillars_altar,
          chequers_temple_overflow_statue_of_worship, serial_bayou_ford_a,
          uniq_duvessa
D:5:      layout_loops_ring, uniq_grinder, uniq_blork_the_orc
D:6:      layout_cave_pools, grunt_dithmenos_shadows, minmay_temple_entry_tees
D:7:      layout_rooms, minitemple, old_standard_altar, serial_curves,
          eino_curves_02, eino_curves_04, eino_curves_03,
          nicolae_qazlal_general_emergency
D:8:      layout_rooms, serial_aquarium, aquarium_bridge_square
          [aquarium_subvault_wall, aquarium_subvault_bridge,
          aquarium_subvault_wall, aquarium_subvault_wall], aquarium_window_fake,
          aquarium_window_1, aquarium_view_2c, aquarium_view_2d,
          aquarium_balcony_3b, aquarium_pool_2

Skill      XL: |  1  2  3  4  5  6  7  8  9 10 |
---------------+-------------------------------+-----
Axes           | 3 5 7 8 10 11 | 11.5
Fighting       | 4 5 6 7 8 9 |  9.5
Invocations    | 3 |  3.0
Shields        | 2 |  2.4
Armour         | |  2.1
Dodging        | |  0.8

Action                   |  1- 3 |  4- 6 |  7- 9 | 10-12 || total
-------------------------+-------+-------+-------+-------++-------
Melee: Hand axe          |    81 |   145 |   654 |    75 ||   955
       War axe           |       |       |       |    77 ||    77
Invok: Depart the Abyss  |     1 |       |       |       ||     1
       Bend Space        |       |       |       |     1 ||     1
 Abil: Dig               |       |     1 |     5 |     2 ||     8
Evoke: Wand              |       |       |     5 |       ||     5
  Use: Potion            |     1 |     2 |     2 |     5 ||    10
       Scroll            |       |     6 |       |     2 ||     8
 Stab: Invisible         |       |       |     2 |       ||     2
  Eat: Chunk             |     1 |     5 |     9 |     5 ||    20
       Ration            |       |       |     2 |       ||     2
Armor: Leather armour    |    23 |       |       |       ||    23
       Skin              |     6 |     4 |    26 |       ||    36
       Scale mail        |       |    74 |   106 |       ||   180
       Chain mail        |       |       |   165 |    36 ||   201
       Plate armour      |       |       |       |    63 ||    63
Dodge: Dodged            |    51 |    65 |   235 |    67 ||   418
Block: Buckler           |       |       |    18 |    28 ||    46

Table legend:
 A = Non-vault XP
 B = Vault XP
 C = Vault XP percentage of total XP
 D = Non-vault monster count
 E = Vault monster count
 F = Vault count percentage of total count
                 A         B        C        D         E       F
            +---------+---------+-------+---------+---------+-------
      Total |    3998 |    1598 |  28.6 |     149 |      89 |  37.4
            +---------+---------+-------+---------+---------+-------
        D:1 |      52 |       0 |   0.0 |      24 |       0 |   0.0
        D:2 |     134 |     308 |  69.7 |      10 |      18 |  64.3
        D:3 |     183 |     566 |  75.6 |      28 |      66 |  70.2
        D:4 |     498 |     225 |  31.1 |      15 |       2 |  11.8
        D:5 |     611 |     363 |  37.3 |      18 |       2 |  10.0
        D:6 |     222 |     136 |  38.0 |      10 |       1 |   9.1
        D:7 |    1556 |       0 |   0.0 |      24 |       0 |   0.0
        D:8 |     742 |       0 |   0.0 |      20 |       0 |   0.0
            +---------+---------+-------+---------+---------+-------
